 Dungeon Crawl Stone Soup version 0.23-a0-182-g58cdd98 (webtiles) character file.

3712 rz the Grappler (level 9, -11/97 HPs)
             Began as a Troll Wizard on Sept 21, 2018.
             Was a Follower of Cheibriados.
             Mangled by a two-headed ogre
             ... wielding a +0 giant club
              (21 damage)
             ... on level 8 of the Dungeon.
             The game lasted 00:15:41 (7001 turns).

rz the Grappler (Troll Wizard)                      Turns: 7001, Time: 00:15:42

Health: -11/97     AC:  5    Str: 22    XL:     9   Next: 91%
Magic:  8/11       EV: 10    Int: 16    God:    Cheibriados [*.....]
Gold:   249        SH:  0    Dex: 10    Spells: 11/12 levels left

rFire    . . .     SeeInvis .     - Unarmed
rCold    . . .     Gourm    +   (no shield)
rNeg     . . .     Faith    .   a - +0 robe
rPois    .         Spirit   .   b - +0 hat
rElec    .         Reflect  .   (no cloak)
rCorr    +         Harm     .   (gloves unavailable)
MR       .....                  (boots unavailable)
Stlth    +.........             (no amulet)
HPRegen  0.66/turn              x - ring of resist corrosion
MPRegen  0.12/turn              y - +2 ring of slaying

@: very slightly contaminated, very slow
A: large, unfitting armour, claws 3, fast metabolism 3, gourmand, regeneration
1, shaggy fur 1, tough skin 2
a: Bend Time, Renounce Religion


You were on level 8 of the Dungeon.
You worshipped Cheibriados.
Cheibriados was aware of your devotion.
You were completely stuffed.

You visited 2 branches of the dungeon, and saw 9 of its levels.

You collected 369 gold pieces.
You spent 120 gold pieces at shops.

Inventory:

Armour
 a - a +0 robe (worn)
 b - a +0 hat (worn)
Jewellery
 e - an uncursed ring of magical power
 s - an uncursed amulet of the acrobat
 x - a ring of resist corrosion (left claw)
 y - a +2 ring of slaying (right claw)
Wands
 h - a wand of clouds (4)
 n - a wand of iceblast (19)
 z - a wand of disintegration (7)
Scrolls
 c - a scroll of summoning {unknown}
 f - 3 scrolls of fog {unknown}
 g - 3 scrolls of remove curse
 j - a scroll of identify
 o - a scroll of amnesia {unknown}
 p - a scroll of fear {unknown}
 q - a scroll of blinking {unknown}
 r - a scroll of enchant weapon {unknown}
 t - a scroll of teleportation
 u - a scroll of vulnerability {unknown}
Potions
 i - 2 potions of flight {unknown}
 k - 2 potions of cancellation {unknown}
 l - 3 potions of lignification {unknown}
 m - a potion of brilliance
 v - a potion of heal wounds {unknown}
 w - a potion of mutation {unknown}
Comestibles
 d - 17 rations
 A - a chunk of flesh


   Skills:
 + Level 8.4 Fighting
 - Level 1.5 Dodging
 - Level 1.0 Stealth
 + Level 10.0 Unarmed Combat
 - Level 2.0 Spellcasting
 - Level 0.6 Conjurations
   Level 0.6 Summonings
   Level 0.6 Translocations


You had 11 spell levels left.
You knew the following spells:

 Your Spells              Type           Power        Failure   Level  Hunger
a - Magic Dart            Conj           #...         16%         1    #......

Your spell library contained the following spells:

 Spells                   Type           Power        Failure   Level  Hunger
 Blink                    Tloc           N/A          24%         2    ###....
 Call Imp                 Summ           #.......     24%         2    ###....
 Slow                     Hex            #.......     30%         2    ###....
 Conjure Flame            Conj/Fire      #.......     50%         3    ###....
 Mephitic Cloud           Conj/Pois/Air  #.......     50%         3    ###....


Dungeon Overview and Level Annotations

Branches:
Dungeon (8/15)             Temple (1/1) D:7
   Lair: D:8-11

Altars:
Ashenzari
Cheibriados
Dithmenos
Elyvilon
Fedhas
Gozag
Hepliaklqana
Kikubaaqudgha
Makhleb
Nemelex Xobeh
Okawaru
Qazlal
Ru
Sif Muna
Trog
Uskayaw
Vehumet
Wu Jian
Xom
Zin
The Shining One

Shops:
D:4 ?   D:6 *%***

Annotations:
D:8 3 runed doors


Innate Abilities, Weirdness & Mutations

You are too large for most types of armour.
You have claws for hands.
Your metabolism is lightning-fast.
You like to eat raw meat.
Your natural rate of healing is unusually fast.
You are covered in fur. (AC +1)
You have very tough skin. (AC +2)


Message History

A worker ant comes into view.
The two-headed ogre closely misses you.
The two-headed ogre hits you with a giant club!
The flow of time bends around you.
The two-headed ogre easily resists.
You feel slightly less full.
You closely miss the two-headed ogre.
The two-headed ogre hits you with a giant club!
The two-headed ogre hits you with a giant club!!
* * * LOW HITPOINT WARNING * * *
You scratch the two-headed ogre.
The two-headed ogre is lightly wounded.
The two-headed ogre closely misses you.
The two-headed ogre hits you with a giant club!
* * * LOW HITPOINT WARNING * * *
You scratch the two-headed ogre.
The two-headed ogre is lightly wounded.
You claw the two-headed ogre! x2
The two-headed ogre is heavily wounded.
The two-headed ogre hits you with a giant club!!
You die...

..............##
#............#.####
+... #.......#.....
##.###.......#.####
..............####
#...(....#..#....#
#.###.......#.##.#
#Oa.....##########
##..
#@....#..#....#
....
#.....#..#.#.#.
..@..
#..##.#..+...!
..#..
#))##.#..+..#..
....g #..##.#..+
...#
#..###.)##)#..# .#.
#..g....##.#..# ..
#.......##.#
#....#####.#


You could see a two-headed ogre and a worker ant.

Vanquished Creatures
  Psyche (D:8)
  A hippogriff (D:7)
  Eustachio (D:4)
  Menkaure (D:4)
  A phantom (D:8)
  3 ogres
  3 centaurs
  2 bullfrogs
  3 scorpions
  4 killer bees (D:7)
  14 wights
  2 howler monkeys
  2 crimson imps
  A quasit (D:8)
  A centaur zombie (D:5)
  2 hounds
  6 orc wizards
  5 orc priests
  3 bullfrog skeletons
  Ijyb (D:3)
  Natasha (thrice) (D:3)
  3 iguanas
  5 worker ants
  2 hound skeletons
  2 howler monkey zombies
  A worker ant zombie (D:6)
  Robin (D:4)
  3 gnolls
  11 adders
  4 shadow imps
  4 oozes
  An adder zombie (D:7)
  An adder skeleton (D:8)
  4 worms
  2 dart slugs
  2 leopard geckos
  37 orcs
  11 giant cockroaches
  19 goblins
  12 hobgoblins
  8 jackals
  5 kobolds
  3 quokkas
  2 ball pythons
  6 bats
  5 frilled lizards
  2 leopard gecko skeletons
  A leopard gecko zombie (D:6)
  A quokka skeleton (D:4)
  A quokka zombie (D:5)
  9 rats
228 creatures vanquished.

Notes
Turn   | Place    | Note
-------+----------+-------------------------------------------
     0 | D:1      | rz the Troll Wizard began the quest for the Orb.
     0 | D:1      | Reached XP level 1. HP: 16/16 MP: 2/2
   102 | D:1      | Reached skill level 1 in Unarmed Combat
   102 | D:1      | Reached XP level 2. HP: 22/26 MP: 4/4
   135 | D:1      | Reached skill level 1 in Fighting
   277 | D:1      | Reached XP level 3. HP: 33/33 MP: 5/5
   400 | D:1      | Reached skill level 2 in Unarmed Combat
   914 | D:2      | Reached XP level 4. HP: 42/42 MP: 6/6
  1043 | D:2      | Found an iron altar of Okawaru.
  1188 | D:2      | Reached skill level 3 in Unarmed Combat
  1389 | D:2      | Reached XP level 5. HP: 50/50 MP: 7/7
  1898 | D:3      | Noticed Natasha
  1936 | D:3      | HP: 1/53 [orc priest/nerve-wracking pain (9)]
  1951 | D:3      | HP: 1/53 [orc/mace (3)]
  1952 | D:3      | Reached skill level 4 in Unarmed Combat
  2068 | D:2      | Reached XP level 6. HP: 45/61 MP: 8/8
  2107 | D:3      | Killed Natasha
  2244 | D:3      | Found a hazy altar of Hepliaklqana.
  2278 | D:3      | Found an opulent altar of Gozag.
  2319 | D:3      | Noticed Ijyb
  2339 | D:3      | Killed Ijyb
  2397 | D:3      | Noticed Natasha
  2407 | D:3      | Killed Natasha
  2578 | D:3      | Noticed Natasha
  2585 | D:3      | Killed Natasha
  2914 | D:4      | Found Hoischok's Magic Scroll Shop.
  2914 | D:4      | Noticed Menkaure
  2914 | D:4      | Noticed Eustachio
  2955 | D:4      | Reached skill level 5 in Unarmed Combat
  3008 | D:4      | Reached XP level 7. HP: 48/70 MP: 9/9
  3064 | D:4      | Killed Menkaure
  3165 | D:4      | Killed Eustachio
  3185 | D:4      | Noticed Robin
  3229 | D:4      | Reached skill level 5 in Fighting
  3229 | D:4      | Reached skill level 6 in Unarmed Combat
  3232 | D:4      | Killed Robin
  3493 | D:4      | Bought a scroll of random uselessness for 12 gold pieces
  3493 | D:4      | Bought a scroll of identify for 24 gold pieces
  3681 | D:5      | Entered Level 5 of the Dungeon
  3698 | D:5      | Reached XP level 8. HP: 80/80 MP: 10/10
  4065 | D:5      | Reached skill level 7 in Unarmed Combat
  4615 | D:6      | Found Xuqon Lips's General Store.
  4626 | D:6      | Found Ciemmeedghi's Assorted Antiques.
  4732 | D:6      | Found Ovatisch's General Store.
  4736 | D:6      | Bought a scroll of teleportation for 42 gold pieces
  4736 | D:6      | Bought a scroll of remove curse for 42 gold pieces
  4880 | D:6      | Found Xecounny's General Store.
  4901 | D:6      | Found a white marble altar of Elyvilon.
  4917 | D:6      | Reached skill level 8 in Unarmed Combat
  4966 | D:6      | Found Utanejuo's Food Shop.
  5100 | D:6      | Found an ancient bone altar of Kikubaaqudgha.
  5261 | D:7      | Reached XP level 9. HP: 61/92 MP: 11/11
  5402 | D:7      | Found a glowing golden altar of the Shining One.
  5660 | D:7      | Found a sparkling altar of Nemelex Xobeh.
  6026 | D:7      | Reached skill level 9 in Unarmed Combat
  6433 | D:7      | Found a staircase to the Ecumenical Temple.
  6511 | Temple   | Entered the Ecumenical Temple
  6569 | Temple   | Became a worshipper of Cheibriados the Contemplative
  6928 | D:8      | Found a runed gate.
  6928 | D:8      | Found a runed gate.
  6928 | D:8      | Found a runed gate.
  6946 | D:8      | Noticed Psyche
  6957 | D:8      | Killed Psyche
  6957 | D:8      | Reached skill level 10 in Unarmed Combat
  6964 | D:8      | Reached * piety under Cheibriados
  6993 | D:8      | Noticed a two-headed ogre
  7001 | D:8      | Mangled by a two-headed ogre

Vault maps used:
D:1:      evilmike_arrival_rings, minmay_pentomino_s2
D:2:      overflow_temple_1_default, minmay_liquid_box, minmay_close_crescents
D:3:      lemuel_doored_altar, first_ration, nicolae_gozag_seed_capital,
          uniq_natasha, uniq_ijyb
D:4:      serial_shops, shop, uniq_menkaure, uniq_eustachio, uniq_robin
D:6:      kennysheep_mini_moat, portal_sewer_entry_b, basic_altar, serial_shops,
          nicolae_shop_trees, shop, shop, nicolae_shop_behind_doors, shop
D:7:      nemelex_xobeh_ov_fountains_minmay, temple_doors_ab, tso_metal_star
D:8:      lair_entry_dummy, ploomutoo_gammafunk_ghost_potion_laboratory,
          serial_shops, shop, uniq_psyche
Temple:   compressed_dpeg_circular_temple

Skill      XL: |  1  2  3  4  5  6  7  8  9 |
---------------+----------------------------+-----
Unarmed Combat | 1 2 3 4 5 6 8 10 | 10.0
Fighting       | 1 2 3 4 5 6 8 |  8.4
Dodging        | |  1.5
Stealth        | |  1.0
Spellcasting   | |  2.0
Conjurations   | |  0.6
Summonings     | |  0.6
Translocations | |  0.6

Action                   |  1- 3 |  4- 6 |  7- 9 || total
-------------------------+-------+-------+-------++-------
Melee: Unarmed           |   128 |   226 |   400 ||   754
       Punch             |     1 |     2 |    14 ||    17
Invok: Bend Time         |       |       |     1 ||     1
  Use: Potion            |       |     3 |     4 ||     7
       Scroll            |       |       |     6 ||     6
 Stab: Distracted        |       |     1 |       ||     1
       Sleeping          |       |       |     4 ||     4
       Invisible         |       |       |     2 ||     2
  Eat: Chunk             |     7 |    26 |    38 ||    71
Armor: Robe              |    55 |    68 |   106 ||   229
Dodge: Dodged            |    74 |    95 |   207 ||   376

Table legend:
 A = Non-vault XP
 B = Vault XP
 C = Vault XP percentage of total XP
 D = Non-vault monster count
 E = Vault monster count
 F = Vault count percentage of total count
                 A         B        C        D         E       F
            +---------+---------+-------+---------+---------+-------
      Total |    4386 |     918 |  17.3 |     198 |      30 |  13.2
            +---------+---------+-------+---------+---------+-------
        D:1 |      72 |       3 |   4.0 |      28 |       2 |   6.7
        D:2 |     123 |      30 |  19.6 |      24 |       6 |  20.0
        D:3 |     332 |      71 |  17.6 |      32 |       2 |   5.9
        D:4 |     404 |     386 |  48.9 |      18 |      15 |  45.5
        D:5 |     736 |       0 |   0.0 |      31 |       0 |   0.0
        D:6 |     470 |       4 |   0.8 |      16 |       4 |  20.0
        D:7 |    1409 |       0 |   0.0 |      30 |       0 |   0.0
        D:8 |     840 |     424 |  33.5 |      19 |       1 |   5.0
            +---------+---------+-------+---------+---------+-------
